 Dungeon Crawl Stone Soup version 0.31-a0-361-g0f8bd3a31e (webtiles) character file.

Game seed: 10506295568039947337

1119 AdnanSaban the Covered (level 8, -4/49 HPs)
             Began as a Gargoyle Fighter on July 27, 2023.
             Was an Initiate of Okawaru.
             Killed from afar by a steam dragon (6 damage)
             ... with a ball of steam
             ... on level 4 of the Dungeon.
             The game lasted 00:05:37 (5960 turns).

AdnanSaban the Covered (Gargoyle Fighter)           Turns: 5960, Time: 00:05:38

Health: -4/49      AC: 14    Str: 22    XL:     8   Next: 34%
Magic:  8/8        EV: 10    Int:  9    God:    Okawaru [......]
Gold:   279        SH:  4    Dex:  9    Spells: 7/7 levels left

rFire   . . .        a - +0 flail
rCold   . . .        c - +0 buckler
rNeg    + . .        b - +0 scale mail
rPois   ∞            (no helmet)
rElec   +            g - +0 cloak
rCorr   .            (no gloves)
SInv    +            (no boots)
Will    .....        (no amulet) Stlth
                     i - ring of see invisible
HPRegen 0.28/turn    (no ring)
MPRegen 0.11/turn

%: no passive effects
@: no status effects
A: sickness immunity, AC +5, negative energy resistance 1, electricity
resistance, torment resistance 1, petrification resistance
a: Renounce Religion


You were on level 4 of the Dungeon.
You worshipped Okawaru.
Okawaru was noncommittal.
You visited 2 branches of the dungeon, and saw 7 of its levels.

You collected 279 gold pieces.

Inventory:

Hand Weapons
 a - a +0 flail (weapon)
Missiles
 l - 33 poisoned darts (quivered)
 p - 5 javelins
 x - a throwing net
Armour
 b - a +0 scale mail (worn)
 c - a +0 buckler (worn)
 g - a +0 cloak (worn)
Jewellery
 i - a ring of see invisible (left hand)
 q - an amulet of faith
Wands
 u - a wand of flame (13)
Scrolls
 f - 7 scrolls of identify {unknown}
 k - a scroll of teleportation {unknown}
 m - 3 scrolls of fear {unknown}
 o - a scroll of poison {unknown}
 t - a scroll of brand weapon {unknown}
Potions
 d - a potion of might
 e - a potion of invisibility {unknown}
 h - a potion of lignification {unknown}
 j - 2 potions of curing {unknown}
 n - a potion of magic {unknown}
 r - a potion of enlightenment {unknown}
 s - 2 potions of haste {unknown}
 v - a potion of ambrosia {unknown}
 w - a potion of degeneration {unknown}
 z - 2 potions of brilliance {unknown}


   Skills:
 + Level 5.2 Fighting
 + Level 5.9 Maces & Flails
 + Level 1.2 Throwing
 + Level 6.5 Armour
 + Level 1.7 Dodging
 + Level 4.8 Shields


You had 7 spell levels left.
You didn't know any spells.
Your spell library contained the following spells:

 Spells                   Type           Power      Damage    Failure   Level
 Freeze                   Ice            0%         1d3       75%         1
 Sandblast                Erth           0%         2d4       75%         1
 Shock                    Conj/Air       0%         1d3       75%         1
 Passwall                 Tmut/Erth      0%         N/A       87%         2
 Frozen Ramparts          Ice            0%         1d1       98%         3
 Hailstorm                Conj/Ice       0%         3d3       98%         3
 Ignite Poison            Fire/Tmut/Pois 0%         N/A       98%         3
 Stone Arrow              Conj/Erth      0%         3d7       98%         3
 Swiftness                Air            0%         N/A       98%         3
 Airstrike                Air            0%         2d(0-16)  100%        4
 Freezing Cloud           Conj/Ice/Air   0%         6-21      100%        5
 Cigotuvi's Dreadful Rot  Necr/Pois/Air  Unusable   N/A       N/A         2

Dungeon Overview and Level Annotations

Branches:
Dungeon (6/15)             Temple (1/1) D:6

Altars:
Ashenzari
Cheibriados
Elyvilon
Gozag
Hepliaklqana
Kikubaaqudgha
Nemelex Xobeh
Okawaru
Qazlal
Ru
Sif Muna
Trog
Uskayaw
Wu Jian
Zin
The Shining One

Shops:
D:6 ?

Annotations:
D:2 1 runed translucent door, Crazy Yiuf
D:5 3 runed translucent doors, Bnni's ghost, novice OpSh


Innate Abilities, Weirdness & Mutations

You are immune to sickness and miasma.
Your stone body is resilient. (AC +5)
You are immune to poison.
You resist negative energy. (rN+)
You are resistant to electric shocks. (rElec)
You are resistant to unholy torment.
You are immune to petrification.


Message History

The steam dragon is moderately wounded.
You are engulfed in a cloud of scalding steam.
The steam dragon closely misses you.
The steam dragon claws you but does no damage.
You sock the steam dragon!
The steam dragon is heavily wounded.
You are engulfed in a cloud of scalding steam.
The steam dragon barely misses you. The steam dragon closely misses you.
You are too injured to fight recklessly!
You are too injured to fight recklessly!
You are too injured to fight recklessly!
You are too injured to fight recklessly!
You are too injured to fight recklessly!
You are too injured to fight recklessly!
You are too injured to fight recklessly!
You are too injured to fight recklessly!
You are too injured to fight recklessly!
You are too injured to fight recklessly!
You are too injured to fight recklessly!
You are too injured to fight recklessly!
You are too injured to fight recklessly!
You are too injured to fight recklessly!
You are too injured to fight recklessly!
Unknown command.
The steam dragon bites you. The steam dragon closely misses you.
You barely miss the steam dragon.
The steam dragon is heavily wounded.
The steam dragon bites you.
* * * LOW HITPOINT WARNING * * *
The steam dragon claws you.
* * * LOW HITPOINT WARNING * * *
The steam dragon bites you!
* * * LOW HITPOINT WARNING * * *
The steam dragon claws you but does no damage.
You are too injured to fight recklessly!
You hit the steam dragon but do no damage.
The steam dragon is heavily wounded.
The steam dragon breathes steam at you. The ball of steam hits you.
You die...

..## #.##..).# #...##.#.###
#..##
#.#.####....##.◎....#...#
##..# #.#.# ##############.###
###.# #.#.# #..'....# #...#
....###.#.####..#.88.# #.###
........##....###.88.# #.####
......##.########....####....#
....#.......#...#'#####...<..#
....##.#.##.#.#.@.#.....#.##.#
......>#.#....#D..##.#..#....#
.#######.####.#......###...###
.##........................#
....####.##.≈≈≈≈≈≈≈.≈≈≈≈≈..#
#####..#.#..≈.....≈.....≈..#
#.#..#.#..≈.≈≈≈.≈≈≈≈≈.≈..#
#....#....≈.≈_≈.≈...≈.≈..#
#...####..≈.≈.≈.≈.≈.≈.≈..#


You could see a steam dragon (catching breath).

Vanquished Creatures
  Eustachio (D:4)
  An ice beast (D:6)
  2 black bears (D:5)
  A kobold brigand (D:6)
  Blork the orc (D:5)
  A scorpion (D:5)
  A bullfrog (D:6)
  3 orc priests
  2 hounds
  A sleepcap (D:6)
  2 iguanas (D:5)
  3 orc wizards (D:5)
  3 adders
  2 shadow imps (D:6)
  An ufetubus (D:5)
  A worm (D:2)
  5 dart slugs
  9 orcs
  4 endoplasms
  A giant cockroach (D:2)
  12 goblins
  5 hobgoblins
  4 jackals (D:2)
  9 kobolds
  A quokka (D:2)
  6 ball pythons
  6 bats
  4 frilled lizards
  6 rats
98 creatures vanquished.

Notes
Turn   | Place    | Note
-------+----------+-------------------------------------------
     0 | D:1      | AdnanSaban the Gargoyle Fighter began the quest for the
                  | Orb.
     0 | D:1      | Reached XP level 1. HP: 14/14 MP: 1/1
   143 | D:1      | Reached XP level 2. HP: 19/19 MP: 2/2
   900 | D:2      | Reached XP level 3. HP: 13/24 MP: 3/3
   984 | D:2      | You fall into a shaft and drop 1 floor!
  1341 | D:2      | Found a runed translucent door.
  1342 | D:2      | Noticed Crazy Yiuf
  2139 | D:3      | Reached XP level 4. HP: 28/29 MP: 4/4
  2406 | D:3      | Reached skill level 4 in Armour
  2677 | D:3      | Found a faded altar of an unknown god.
  2712 | D:3      | Found a sparkling altar of Nemelex Xobeh.
  3192 | D:4      | Found a snail-covered altar of Cheibriados.
  3203 | D:4      | Reached XP level 5. HP: 31/33 MP: 5/5
  3207 | D:4      | Found a broken altar of Ashenzari.
  3326 | D:4      | Noticed Eustachio
  3540 | D:4      | Killed Eustachio
  3541 | D:4      | Reached XP level 6. HP: 31/39 MP: 6/6
  3790 | D:4      | Noticed a steam dragon
  3833 | D:5      | Entered Level 5 of the Dungeon
  3853 | D:5      | Reached skill level 1 in Dodging
  3893 | D:5      | Identified the +10 hand axe of Gallantry {drain, *Slow
                  | +Blink rF+++ Stlth-}
  3920 | D:5      | Reached skill level 5 in Armour
  4002 | D:5      | Noticed a black bear
  4010 | D:5      | Killed a black bear
  4011 | D:5      | Reached XP level 7. HP: 33/44 MP: 7/7
  4150 | D:5      | Found a runed translucent gate.
  4150 | D:5      | Found a runed translucent gate.
  4150 | D:5      | Found a runed translucent gate.
  4212 | D:5      | Noticed Bnni's ghost (novice OpSh)
  4466 | D:5      | Reached skill level 5 in Maces & Flails
  4849 | D:5      | Noticed Blork the orc
  4864 | D:5      | Killed Blork the orc
  4865 | D:5      | Reached skill level 1 in Throwing
  4865 | D:5      | Reached skill level 6 in Armour
  4866 | D:5      | Found a hazy altar of Hepliaklqana.
  4870 | D:5      | Found a faded altar of an unknown god.
  5123 | D:6      | Reached XP level 8. HP: 39/48 MP: 8/8
  5245 | D:6      | Reached skill level 5 in Fighting
  5328 | D:6      | Found a staircase to the Ecumenical Temple.
  5359 | Temple   | Entered the Ecumenical Temple
  5374 | Temple   | Became a worshipper of Warmaster Okawaru
  5727 | D:6      | Found Dilad's Magic Scroll Emporium.
  5959 | D:4      | HP: 1/49 [steam dragon (8)]
  5960 | D:4      | Killed from afar by a steam dragon

Illustrated notes

Levels and vault maps discovered:
D:1:      ldierk_walled_garden_2, layout_basic
D:2:      minmay_diamond_boxcup, layout_loops_corners, uniq_crazy_yiuf_cottage
D:3:      layout_basic, nemelex_diamond_rough_becter,
          shapermc_ecumenical_altar_gd
D:4:      minmay_chambers_of_fours, layout_basic,
          mainiacjoe_overflow_catwalk_spiral, chequers_serial_rivers_micro_e,
          uniq_eustachio
D:5:      layout_loops_corners, beargit_hepliaklqana_dungeon_heroes,
          gammafunk_ghost_necromancy
D:6:      layout_basic, temple_pool_b, serial_shops, nicolae_shop_rolled_up,
          serial_glass, glass_columns_c, glass_columns_a, glass_columns_a,
          glass_columns_a, glass_columns_a, glass_columns_c, glass_columns_b,
          glass_columns_a, glass_columns_b, glass_columns_a, glass_columns_a,
          glass_columns_b, glass_columns_a, glass_columns_c
Temple:   hc_temple_tempest_star

Skill      XL: |  1  2  3  4  5  6  7  8 |
---------------+-------------------------+-----
Fighting       | 4 5 |  5.2
Maces & Flails | 3 4 5 |  5.9
Armour         | 4 5 6 |  6.5
Shields        | 4 |  4.8
Dodging        | 1 |  1.7
Throwing       | 1 |  1.2

Action                     |  1- 3 |  4- 6 |  7- 9 || total
---------------------------+-------+-------+-------++-------
  Melee: Flail             |   151 |   151 |   135 ||   437
  Throw: Dart              |       |     6 |     8 ||    14
 Armour: Scale mail        |    87 |   114 |    91 ||   292
  Dodge: Dodged            |    73 |    96 |    72 ||   241
  Block: Buckler           |    29 |    56 |    28 ||   113

Table legend: (Time is in decaauts)
 A = Elapsed time spent in this place.
 B = Non-inter-level travel time spent in this place.
 C = Inter-level travel time spent in this place.
 D = Time resting spent in this place.
 E = Time spent auto-exploring this place.
 F = Levels seen in this place.
 G = Mean time per level.
                   A        B        C        D        E       F      G
               +--------+--------+--------+--------+--------+-----+--------+
         Total |   6082 |   5780 |    302 |    220 |   4472 |   7 |  868.9 |
       Dungeon |   6051 |   5777 |    274 |    220 |   4472 |   6 | 1008.5 |
        Temple |     30 |      2 |     28 |      0 |      0 |   1 |   30.0 |
               +--------+--------+--------+--------+--------+-----+--------+

Top non-repeatable levels by time:
     D:2: 1425 daAuts
     D:5: 1325 daAuts
     D:3: 980 daAuts
     D:4: 874 daAuts
     D:1: 813 daAuts
     D:6: 631 daAuts
  Temple: 30 daAuts
